 Dungeon Crawl Stone Soup version 0.25-a0-302-g9f758675c1 (webtiles) character file.

Game seed: 4108268490112396002, levelgen mode: deterministic

289 MrRokkomies the Vexing (level 6, -1/28 HPs)
             Began as a Spriggan Enchanter on Dec 20, 2019.
             Slain by an adder (4 damage)
             ... on level 4 of the Dungeon.
             The game lasted 00:09:37 (3050 turns).

MrRokkomies the Vexing (Spriggan Enchanter)         Turns: 3050, Time: 00:09:38

Health: -1/28      AC:  2    Str:  5 (6)  XL:     6   Next: 9%
Magic:  1/11       EV: 18    Int: 15 (17) God:
Gold:   87         SH:  4    Dex: 13 (16) Spells: 4/10 levels left

rFire    . . .     SeeInvis +   a - +1 dagger (venom)
rCold    . . .     Gourm    .   m - +0 buckler
rNeg     . . .     Faith    .   e - +0 robe
rPois    .         Spirit   .   (helmet restricted)
rElec    .         Reflect  .   (no cloak)
rCorr    .         Harm     .   (gloves unavailable)
MR       +....                  (boots unavailable)
Stlth    +++.......             (no amulet)
HPRegen  0.09/turn              (no ring)
MPRegen  0.12/turn              (no ring)

@: lethally poisoned (-1 -> -2), very slightly contaminated, very quick
A: very small, unfitting armour, see invisible, herbivore, speed 3, slow
metabolism 2
a: no special abilities


You were on level 4 of the Dungeon.
You were very hungry.

You visited 1 branch of the dungeon, and saw 4 of its levels.

You collected 87 gold pieces.

Inventory:

Hand Weapons
 a - a +1 dagger of venom (weapon)
 b - a +0 hunting sling
 f - a +1 dagger
Missiles
 c - 58 stones
 o - 3 poisoned darts (quivered)
Armour
 e - a +0 robe (worn)
 m - a +0 buckler (worn)
Wands
 h - a wand of polymorph (11)
Scrolls
 i - 2 scrolls of identify {unknown}
 j - a scroll of enchant armour {unknown}
Potions
 g - a potion of agility {unknown}
Comestibles
 d - 3 rations


   Skills:
 * Level 3.9 Short Blades
 + Level 4.5 Dodging
 + Level 5.7 Stealth
 - Level 2.6 Spellcasting
 * Level 5.7 Hexes


You had 4 spell levels left.
You knew the following spells:

 Your Spells              Type           Power        Failure   Level  Hunger
a - Corona                Hex            ###....      3%          1    #......
b - Ensorcelled Hibernat  Hex/Ice        ##....       16%         2    ##.....
c - Confuse               Hex            ###.....     10%         3    ###....

Your spell library contained the following spells:

 Spells                   Type           Power        Failure   Level  Hunger
 Tukima's Dance           Hex            ###.....     10%         3    ###....
 Dazzling Flash           Conj/Hex       ##....       32%         3    ###....


Dungeon Overview and Level Annotations

Branches:
Dungeon (4/15)
 Temple: D:4-7

Altars:
Qazlal


Innate Abilities, Weirdness & Mutations

You are very small and have problems with some larger weapons.
You are too small for most types of armour.
You have supernaturally acute eyesight. (SInv)
You are a herbivore.
You cover ground extremely quickly.
You need to consume almost no food.


Message History

Press: ? - help, Shift-Dir - straight line, f/p - adder
Aim: an adder (lightly wounded, very poisoned, chance to defeat MR: 50%)
The adder resists with some effort.
The adder bites you.
* * * LOW HITPOINT WARNING * * *
Casting: Ensorcelled Hibernation (safe; 16% risk of failure)
Confirm with . or Enter, or press ? or * to list all spells.
Aiming: Ensorcelled Hibernation (safe; 16% risk of failure)
Press: ? - help, Shift-Dir - straight line, f/p - adder
Aim: an adder (lightly wounded, very poisoned, chance to defeat MR: 50%)
You miscast Ensorcelled Hibernation.
You are very lightly contaminated with residual magic.
Multicoloured lights dance before your eyes!
The adder misses you.
Casting: Ensorcelled Hibernation (safe; 16% risk of failure)
Confirm with . or Enter, or press ? or * to list all spells.
Aiming: Ensorcelled Hibernation (safe; 16% risk of failure)
Press: ? - help, Shift-Dir - straight line, f/p - adder
Aim: an adder (lightly wounded, very poisoned, chance to defeat MR: 50%)
The adder resists with some effort.
You feel sick. The adder bites you.
You die...

#.....##.# #...#
##....##.# #...#
#...o..#.####...####
#.##...#............
...##o...............
###
#...###...........
#.### ###.#...#.##
#.# #.#...#.# #@#
#.#...#.# #S#
#.#...#.## #.#
#.#....... .[.
........)#. ##.
###.######. .# #. .#
.. .. .# ##. .... ...


You could see an adder and 2 orcs.

Vanquished Creatures
  Jessica (D:3)
  Terence (D:3)
  A worker ant (D:4)
  Robin (D:3)
  6 gnolls
  2 adders
  3 oozes
  3 worms
  2 dart slugs
  A leopard gecko (D:3)
  6 orcs
  3 giant cockroaches
  18 goblins
  6 hobgoblins
  4 jackals (D:2)
  A quokka (D:2)
  14 bats
  4 frilled lizards
  7 kobolds
  17 rats
101 creatures vanquished.

Notes
Turn   | Place    | Note
-------+----------+-------------------------------------------
     0 | D:1      | MrRokkomies the Spriggan Enchanter began the quest for the
                  | Orb.
     0 | D:1      | Reached XP level 1. HP: 9/9 MP: 5/5
   287 | D:1      | Reached XP level 2. HP: 13/13 MP: 6/6
   540 | D:1      | Learned a level 2 spell: Ensorcelled Hibernation
   995 | D:1      | Reached XP level 3. HP: 16/16 MP: 8/8
  1470 | D:2      | Reached XP level 4. HP: 21/21 MP: 9/9
  1489 | D:2      | Reached skill level 5 in Stealth
  1963 | D:2      | Learned a level 3 spell: Confuse
  2244 | D:2      | Reached skill level 5 in Hexes
  2279 | D:3      | Noticed Jessica
  2279 | D:3      | Noticed Robin
  2377 | D:3      | Reached XP level 5. HP: 23/24 MP: 10/10
  2421 | D:3      | Killed Jessica
  2428 | D:3      | Killed Robin
  2719 | D:3      | Found a stormy altar of Qazlal.
  2774 | D:3      | Noticed Terence
  2779 | D:3      | Killed Terence
  3023 | D:4      | Reached XP level 6. HP: 14/28 MP: 11/11
  3050 | D:4      | Slain by an adder

Levels and vault maps discovered:
D:1:      erik_arrival_orb_chamber, layout_rooms
D:2:      layout_basic, minmay_ruptured
D:3:      layout_rooms, lemuel_round_altar, minmay_misc_feat_doors,
          uniq_jessica, uniq_terence, uniq_robin
D:4:      layout_loops_cross, first_ration, serial_shops, nicolae_shop_trees

Skill      XL: |  1  2  3  4  5 |
---------------+----------------+-----
Hexes          | 4 5 |  5.7
Short Blades   | 2 3 |  3.9
Stealth        | 5 |  5.7
Dodging        | 4 |  4.5
Spellcasting   | |  2.6

Action                   |  1- 3 |  4- 6 || total
-------------------------+-------+-------++-------
Melee: Dagger            |   137 |   142 ||   279
 Fire: Hunting sling     |       |     1 ||     1
Throw: Dart              |       |     5 ||     5
 Cast: Ensorcelled Hiber |     3 |     5 ||     8
       Confuse           |       |     2 ||     2
  Use: Scroll            |       |     4 ||     4
       Potion            |       |     5 ||     5
 Stab: Sleeping          |    13 |    12 ||    25
       Distracted        |       |     2 ||     2
       Confused          |       |     1 ||     1
Armor: Robe              |    16 |    20 ||    36
Dodge: Dodged            |   100 |   104 ||   204
Block: Buckler           |       |    20 ||    20

Table legend:
 A = Non-vault XP
 B = Vault XP
 C = Vault XP percentage of total XP
 D = Non-vault monster count
 E = Vault monster count
 F = Vault count percentage of total count
                 A         B        C        D         E       F
            +---------+---------+-------+---------+---------+-------
      Total |     285 |     129 |  31.2 |      71 |      30 |  29.7
            +---------+---------+-------+---------+---------+-------
        D:1 |      65 |      12 |  15.6 |      26 |      12 |  31.6
        D:2 |      97 |       8 |   7.6 |      25 |       4 |  13.8
        D:3 |      32 |     109 |  77.3 |      11 |      14 |  56.0
        D:4 |      91 |       0 |   0.0 |       9 |       0 |   0.0
            +---------+---------+-------+---------+---------+-------
